 Dungeon Crawl Stone Soup version 0.26-a0-642-g67e9924 (webtiles) character file.

Game seed: 1389523654303624335

538 royokou the Cudgeler (level 7, -8/44 HPs)
             Began as a Gargoyle Fighter on Sept 22, 2020.
             Was an Initiate of Okawaru.
             Mangled by a two-headed ogre
             ... wielding a +0 giant spiked club
              (15 damage)
             ... on level 4 of the Dungeon.
             The game lasted 00:13:37 (3458 turns).

royokou the Cudgeler (Gargoyle Fighter)             Turns: 3458, Time: 00:13:38

Health: -8/44      AC: 21    Str: 21    XL:     7   Next: 26%
Magic:  7/7        EV:  4    Int:  9    God:    Okawaru [......]
Gold:   263        SH: 14    Dex:  9    Spells: 6/6 levels left

rFire    . . .     SeeInvis .   g - +2 hand axe (vamp)
rCold    . . .     Faith    .   c - +0 kite shield
rNeg     + . .     Spirit   .   l - +0 plate armour
rPois    ∞         Reflect  +   (no helmet)
rElec    +         Harm     .   w - +1 cloak
rCorr    +         Rampage  .   u - +0 pair of gloves
MR       .....                  E - +0 pair of boots
Stlth    ..........             r - amulet of reflection
HPRegen  0.14/turn              o - ring of resist corrosion
MPRegen  0.10/turn              (no ring)

@: no status effects
A: negative energy resistance 1, electricity resistance, unbreathing,
petrification resistance, rot immunity, AC +4
a: Renounce Religion


You were on level 4 of the Dungeon.
You worshipped Okawaru.
Okawaru was noncommittal.
You visited 2 branches of the dungeon, and saw 6 of its levels.

You collected 263 gold pieces.

Inventory:

Hand Weapons
 a - a +0 flail
 g - a +2 vampiric hand axe (weapon)
 m - a +3 spear of flaming
 x - a +0 trident of protection
 y - a +3 whip
 F - a +0 whip
Armour
 c - a +0 kite shield (worn)
 l - a +0 plate armour (worn)
 u - a +0 pair of gloves (worn)
 w - a +1 cloak (worn)
 z - a +0 tower shield
 E - a +0 pair of boots (worn)
Magical Staves
 C - an uncursed staff of air {unknown}
Jewellery
 o - a ring of resist corrosion (left hand)
 r - an amulet of reflection (around neck)
 v - an uncursed amulet of the acrobat
Wands
 D - a wand of polymorph (7)
Scrolls
 e - a scroll of teleportation
 i - 5 scrolls of remove curse
 n - a scroll of noise {unknown}
 t - a scroll of enchant weapon
 A - a scroll of magic mapping {unknown}
 H - a scroll of identify
Potions
 b - 2 potions of invisibility
 d - 2 potions of might
 f - 3 potions of flight
 h - a potion of heal wounds
 j - a potion of ambrosia {unknown}
 k - a potion of degeneration {unknown}
 p - 2 potions of brilliance
 q - 2 potions of resistance
 s - 2 potions of stabbing {unknown}
 B - a potion of curing {unknown}
 G - a potion of lignification {unknown}


   Skills:
 + Level 4.9 Fighting
 * Level 5.0 Maces & Flails
 + Level 4.9 Armour
 + Level 4.9 Shields


You had 6 spell levels left.
You didn't know any spells.
Your spell library was empty.

Dungeon Overview and Level Annotations

Branches:
Dungeon (5/15)             Temple (1/1) D:5

Altars:
Ashenzari
Cheibriados
Dithmenos
Elyvilon
Fedhas
Gozag
Hepliaklqana
Kikubaaqudgha
Makhleb
Nemelex Xobeh
Okawaru
Qazlal
Ru
Sif Muna
Trog
Uskayaw
Vehumet
Wu Jian
Xom
Yredelemnul
Zin
The Shining One


Innate Abilities, Weirdness & Mutations

You are resistant to torment.
Your stone body is resilient. (AC +4)
You are immune to poison.
You resist negative energy. (rN+)
You are resistant to electric shocks. (rElec)
You can survive without breathing.
You are immune to petrification.
You are immune to rotting.


Message History

You block the two-headed ogre's attack.
The two-headed ogre hits you with a +0 giant spiked club!
* * * LOW HITPOINT WARNING * * *
The two-headed ogre hits you but does no damage.
An orc wizard comes into view. It is wielding a +0 dagger.
An orc comes into view.
An orc comes into view.
There is an open door here.
There is a stone staircase leading up here.
The orc wizard mumbles some strange words.
The orc wizard flickers and vanishes!
Deactivating autopickup; reactivate with Ctrl-A.
The two-headed ogre hits you but does no damage.
You block the two-headed ogre's attack.
You climb upwards.
Reactivating autopickup.
There is a stone staircase leading down here.
Items here: )) [[ ÷÷.
The two-headed ogre hits you with a +0 giant spiked club!
You die...

.###.#..##### #.#.#
#.# .# #.#......#
#.#.# #.# .#
#.#..##### #.#.# #.#
.# #.#..########.#.#
#.#
.###.............#.#
#.# ###
........##########.#
#.# #<# ####.#.##
#.# #.# #.#
####.#.###########÷#
#.# #.#
................@O>#
#.# #.#
.....#....##########
#.# #.# ###.##....#
#.########.#
#.##....#
#..........#
#.##....#
#.##########
###.##....# #.#
....##....# #.#
######.#### #.#
######.######## #.#


You could see a two-headed ogre.

Vanquished Creatures
  An ogre (D:5)
  A gnoll sergeant (D:4)
  A hound (D:4)
  An orc wizard (D:2)
  Natasha (D:3)
  3 worker ants
  4 gnolls (D:4)
  9 adders
  A white imp (D:3)
  2 oozes (D:3)
  2 dart slugs
  5 worms
  A leopard gecko (D:5)
  7 orcs
  6 ball pythons
  9 bats
  6 giant cockroaches
  10 hobgoblins
  2 quokkas
  4 frilled lizards
  7 goblins
  6 kobolds
  8 rats
97 creatures vanquished.

Notes
Turn   | Place    | Note
-------+----------+-------------------------------------------
     0 | D:1      | royokou the Gargoyle Fighter began the quest for the Orb.
     0 | D:1      | Reached XP level 1. HP: 14/14 MP: 1/1
    98 | D:1      | Reached XP level 2. HP: 19/19 MP: 2/2
   535 | D:2      | Reached XP level 3. HP: 21/23 MP: 3/3
   562 | D:2      | Reached skill level 3 in Maces & Flails
   562 | D:2      | Reached XP level 4. HP: 18/29 MP: 4/4
   660 | D:2      | You fall into a shaft and drop 1 floor!
   869 | D:2      | Reached XP level 5. HP: 27/33 MP: 5/5
  1749 | D:3      | Reached skill level 4 in Maces & Flails
  1769 | D:3      | Noticed Natasha
  1779 | D:3      | Killed Natasha
  1779 | D:3      | Reached XP level 6. HP: 39/39 MP: 6/6
  2599 | D:4      | Found a burning altar of Makhleb.
  2994 | D:5      | Entered Level 5 of the Dungeon
  3019 | D:4      | Reached XP level 7. HP: 44/44 MP: 7/7
  3055 | D:5      | Found a staircase to the Ecumenical Temple.
  3069 | D:5      | Reached skill level 5 in Maces & Flails
  3074 | Temple   | Entered the Ecumenical Temple
  3363 | Temple   | Became a worshipper of Warmaster Okawaru
  3395 | D:5      | Noticed a two-headed ogre
  3458 | D:4      | Mangled by a two-headed ogre

Illustrated notes

Levels and vault maps discovered:
D:1:      lemuel_arrival_muddy, layout_rooms
D:2:      layout_rooms
D:3:      minmay_octagon_keep, layout_loops_ring, uniq_natasha
D:4:      layout_basic, old_standard_altar
D:5:      layout_loops_corners, minmay_temple_entry_large_hall, serial_shops,
          kennysheep_mini, nicolae_shop_competitors_out_of_business,
          hangedman_feature_mirror, uniq_duvessa, uniq_edmund
Temple:   nicolae_temple_the_god_donut

Skill      XL: |  1  2  3  4  5  6  7 |
---------------+----------------------+-----
Maces & Flails | 3 4 5 |  5.0
Fighting       | 4 |  4.9
Armour         | 4 |  4.9
Shields        | 4 |  4.9

Action                   |  1- 3 |  4- 6 |  7- 9 || total
-------------------------+-------+-------+-------++-------
Melee: Flail             |    19 |       |       ||    19
       Hand axe          |    65 |   264 |    22 ||   351
       Whip              |       |    65 |       ||    65
  Use: Scroll            |       |    11 |       ||    11
Armor: Scale mail        |     9 |       |       ||     9
       Plate armour      |    70 |   190 |    11 ||   271
Dodge: Dodged            |    14 |    31 |     4 ||    49
Block: Kite shield       |    60 |   228 |    16 ||   304
       Reflection        |       |     5 |       ||     5

Table legend: (Time is in decaauts)
 A = Elapsed time spent in this place.
 B = Non-inter-level travel time spent in this place.
 C = Inter-level travel time spent in this place.
 D = Time resting spent in this place.
 E = Time spent auto-exploring this place.
 F = Levels seen in this place.
 G = Mean time per level.
                   A        B        C        D        E       F      G
               +--------+--------+--------+--------+--------+-----+--------+
         Total |   3580 |   3352 |    228 |      9 |   2285 |   6 |  596.7 |
       Dungeon |   3278 |   3110 |    168 |      9 |   2053 |   5 |  655.6 |
        Temple |    301 |    241 |     60 |      0 |    232 |   1 |  301.0 |
               +--------+--------+--------+--------+--------+-----+--------+

Top non-repeatable levels by time:
     D:4: 1006 daAuts
     D:3: 840 daAuts
     D:2: 757 daAuts
     D:1: 537 daAuts
  Temple: 301 daAuts
     D:5: 137 daAuts
